Map: Lost and Found LE

Players

lIIllllIIlll (INnoVation)

  • Race: Terran Terran
  • League: Master
  • Spawn Location: 1:00

Bunny - Winner!

  • Race: Terran Terran
  • League: Diamond
  • Spawn Location: 7:00

Event: HomeStory Cup XVIII

VOD

Have the link to the VOD?

Description

Time

  • Played on: Nov. 25, 2018, 7:19 a.m.
  • Length: 8:06

All games in this series

Show
View Real Time Build Order
Export as new Build Order

lIIllllIIlll Terran 

Build Orders:  

Get SALT Encoding   

  12  0:00  SCV  
  13  0:12  SCV  
  14  0:17  Supply Depot  
  14  0:24  SCV  
  14  0:27  Refinery  
  15  0:38  SCV  
  16  0:43  Barracks  
  16  0:50  SCV  
  16  0:56  Refinery  
  17  1:02  SCV  
  18  1:14  SCV  
  19  1:30  Orbital Command, Reaper  
  20  1:34  Factory  
  20  1:45  Supply Depot  
  20  1:55  SCV  
  21  2:02  Reaper  
  21  2:07  SCV  
  23  2:17  Hellion  
  23  2:20  SCV  
  26  2:25  Command Center  
  26  2:32  SCV  
  26  2:36  Barracks Reactor  
  27  2:38  Hellion  
  27  2:44  Starport  
  29  2:45  SCV  
  30  2:52  Supply Depot  
  30  2:57  SCV  
  31  3:01  Factory Tech Lab  
  31  3:13  SCV  
  32  3:20  Cyclone  
  32  3:21  Starport Tech Lab  
  32  3:25  SCV  
  32  3:26  Marine x2, Refinery  
  38  3:37  Orbital Command  
  38  3:38  SCV  
  39  3:41  Raven  
  39  3:47  Marine  
  39  3:48  Marine  
  42  3:50  SCV  
  44  3:59  Siege Tank  
  44  4:02  SCV  
  48  4:05  Supply Depot  
  48  4:06  SCV  
  48  4:08  Marine  
  50  4:10  Marine  
  51  4:20  SCV x2  
  51  4:22  Supply Depot  
  53  4:26  Marine, Raven  
  53  4:28  Marine  
  57  4:33  SCV x2  
  55  4:38  Siege Tank  
  55  4:44  Marine, Supply Depot  
  55  4:45  SCV x2  
  60  4:46  Marine  
  60  4:56  Supply Depot  
  60  4:57  SCV x2  
  62  5:11  SCV x2  
  64  5:17  Marine, Viking x2  
  64  5:18  Siege Tank  
  64  5:20  Supply Depot  
  72  5:23  SCV x2  
  72  5:26  Stimpack  
  74  5:33  Command Center  
  74  5:37  SCV x2  
  74  5:40  Refinery  
  75  5:47  Viking x2  
  79  5:51  SCV x2  
  79  5:53  Marine  
  79  5:54  Supply Depot  
  82  5:58  Siege Tank  
  82  6:04  SCV x2  
  87  6:07  Supply Depot  
  87  6:16  SCV x2  
  87  6:17  Viking x2  
  92  6:23  Engineering Bay  
  92  6:24  Engineering Bay  
  92  6:25  Marine  
  92  6:29  SCV x2  
  92  6:30  Siege Tank  
  98  6:41  SCV x2  
  98  6:44  Barracks  
  98  6:45  Barracks  
  99  6:53  Viking  
  101  6:56  Viking  
  102  7:02  Siege Tank  
  102  7:06  Marine  
  68  7:29  Marine  
  42  7:31  SCV  
  39  7:43  SCV  
Show
View Real Time Build Order
Export as new Build Order

Bunny Terran - Winner!

Build Orders: Gas First Reaper Expand, Reaper Expand 

Get SALT Encoding   

  12  0:00  SCV  
  13  0:13  SCV  
  14  0:17  Supply Depot  
  14  0:25  SCV  
  14  0:28  Refinery  
  15  0:38  SCV  
  16  0:44  Barracks  
  16  0:50  SCV  
  17  1:02  SCV  
  18  1:14  SCV  
  19  1:31  Orbital Command, Reaper  
  20  1:41  Command Center  
  20  1:51  Factory  
  20  1:56  SCV  
  21  2:05  Barracks Reactor, Supply Depot  
  21  2:08  SCV  
  22  2:13  Refinery  
  22  2:20  SCV  
  23  2:32  SCV  
  23  2:36  Hellion  
  26  2:41  Starport  
  26  2:42  Marine x2  
  28  2:44  SCV  
  29  2:53  Orbital Command  
  29  2:56  SCV  
  29  2:57  Factory Tech Lab  
  30  3:00  Marine  
  31  3:07  Marine  
  31  3:08  SCV  
  33  3:18  Cyclone  
  33  3:19  SCV  
  37  3:21  SCV  
  37  3:24  Medivac  
  40  3:29  Marine x2  
  40  3:33  Supply Depot  
  41  3:34  SCV  
  41  3:35  SCV  
  43  3:46  Marine, SCV  
  43  3:47  Marine  
  46  3:50  Supply Depot  
  46  3:55  SCV, Cyclone  
  50  4:01  SCV  
  51  4:07  SCV  
  54  4:15  Starport Reactor  
  52  4:17  Barracks  
  52  4:18  Barracks, Barracks Tech Lab, SCV  
  52  4:19  SCV  
  52  4:21  Engineering Bay  
  52  4:23  Refinery  
  54  4:30  SCV  
  55  4:31  SCV  
  55  4:32  Siege Tank  
  56  4:42  SCV  
  56  4:43  SCV  
  56  4:44  Marine  
  56  4:45  Stimpack  
  59  4:49  Supply Depot  
  59  4:54  SCV  
  59  4:55  SCV  
  61  5:02  Marine, Supply Depot  
  61  5:05  Starport Reactor, Refinery  
  62  5:09  Supply Depot  
  62  5:11  Marine x2, SCV x2, Terran Infantry Weapons Level 1  
  66  5:15  Marine x2  
  66  5:20  Marine  
  69  5:23  SCV, Supply Depot  
  69  5:24  Siege Tank, SCV, Supply Depot  
  74  5:29  Marine x2  
  74  5:34  Marine x2  
  78  5:37  Marine  
  78  5:41  Medivac x2  
  83  5:44  Supply Depot  
  83  5:46  Marine x2  
  85  5:50  SCV x2  
  85  5:52  Marine x2  
  85  5:56  Siege Tank  
  92  6:08  Supply Depot  
  92  6:11  Medivac x2  
  92  6:12  Command Center  
  92  6:14  Marine x4  
  92  6:15  Marine  
  100  6:26  SCV x2  
  100  6:28  Siege Tank, Supply Depot  
  105  6:38  Marine  
  105  6:39  Marine x4  
  109  6:41  Medivac  
  109  6:42  Medivac  
  110  7:01  Orbital Command  
  110  7:20  Marine x3  
  110  7:21  Marine x2  
  97  7:38  Marine x4  
Tags
 
Add a new tag
Caveats
  • Supply blocks, unpowered buildings, or Contaminate may cause inaccurate times.
  • Supply counts are checked every 10 seconds.